 Dungeon Crawl Stone Soup version 0.31.0-11-ge490571c62 (webtiles) character file.

Game seed: 17118949098447501130

276 PistonLoop the Slasher (level 6, -7/53 HPs)
             Began as a Gnoll Cinder Acolyte on Feb 1, 2024.
             Was a Follower of the Shining One.
             Mangled by a fire elemental (14 damage)
             ... created by the fiery vengeance of Ignis
             ... on level 4 of the Dungeon.
             The game lasted 00:34:14 (4315 turns).

PistonLoop the Slasher (Gnoll Cinder Acolyte)       Turns: 4315, Time: 00:34:14

Health: -7/53      AC:  2    Str: 15    XL:     6   Next: 25%
Magic:  11/11      EV: 12    Int: 13    God:    the Shining One [*.....]
Gold:   168        SH:  0    Dex:  8    Spells: 6/11 levels left

rFire   . . .        a - +0 falchion (flame)
rCold   . . .        (no shield)
rNeg    . . .        c - +0 robe
rPois   .            (no helmet)
rElec   .            t - scarf {harm}
rCorr   .            (no gloves)
SInv    .            (no boots)
Will    .....        (no amulet)
Stlth   +            (no ring)
HPRegen 0.28/turn    (no ring)
MPRegen 0.12/turn

%: harm (+30% outgoing, +20% incoming)
@: about to teleport, glowing, fire susceptible
A: fangs 1, strong nose, distributed training
a: Renounce Religion, Divine Shield


You were on level 4 of the Dungeon.
You worshipped the Shining One.
The Shining One was aware of your devotion.
You visited 1 branch of the dungeon, and saw 4 of its levels.

You collected 168 gold pieces.

Inventory:

Hand Weapons
 a - a +0 falchion of flaming (weapon)
 m - a +0 scimitar
 q - a +0 club
Missiles
 j - 33 stones
 s - 2 boomerangs (quivered)
 u - 4 atropa-tipped darts
Armour
 b - a +0 robe
 c - a +0 robe (worn)
 d - a scarf of repulsion
 e - a +0 leather armour
 t - a scarf of harm (worn)
Magical Staves
 f - a staff of death
 h - a staff of cold
 r - a staff of conjuration
Wands
 v - a wand of light (10)
Scrolls
 g - 2 scrolls of teleportation
 k - a scroll of vulnerability
 o - a scroll of butterflies
Potions
 i - a potion of heal wounds
 l - 3 potions of curing
 n - a potion of ambrosia
 p - a potion of mutation {unknown}


   Skills:
 + Level 6.8 Fighting
 + Level 2.0 Short Blades
 + Level 6.8 Long Blades
 + Level 2.0 Axes
 + Level 2.0 Maces & Flails
 + Level 2.0 Polearms
 + Level 2.0 Staves
 + Level 2.0 Ranged Weapons
 + Level 2.0 Throwing
 + Level 2.0 Armour
 + Level 2.0 Dodging
 + Level 2.0 Stealth
 + Level 2.0 Shields
 + Level 2.0 Unarmed Combat
 + Level 3.4 Spellcasting
 + Level 1.5 Conjurations
 + Level 1.5 Hexes
 + Level 1.5 Summonings
 + Level 1.5 Necromancy
 + Level 1.5 Translocations
 + Level 5.6 Fire Magic
 + Level 1.5 Ice Magic
 + Level 1.5 Air Magic
 + Level 1.5 Earth Magic
 + Level 1.5 Alchemy
 + Level 2.1 Invocations
 + Level 2.0 Evocations
 + Level 1.7 Shapeshifting


You had 6 spell levels left.
You knew the following spells:

 Your Spells              Type           Power      Damage    Failure   Level
a - Scorch                Fire           34%        2d6       3%          2
b - Stone Arrow           Conj/Erth      12%        3d7       34%         3

Your spell library contained the following spells:

 Spells                   Type           Power      Damage    Failure   Level
 Magic Dart               Conj           24%        1d4       12%         1
 Inner Flame              Hex/Fire       11%        N/A       16%         3
 Searing Ray              Conj           12%        2d4       19%         2
 Flame Wave               Conj/Fire      11%        2d6       45%         4
 Sticky Flame             Fire/Alch      11%        2d5       45%         4
 Fulminant Prism          Conj/Alch      3%         3d5       75%         4
 Borgnjor's Vile Clutch   Necr/Erth      3%         N/A       97%         5
 Yara's Violent Unravell  Hex/Alch       3%         3d4       97%         5
 Sculpt Simulacrum        Ice/Alch       3%         N/A       100%        6


Dungeon Overview and Level Annotations

Branches:
Dungeon (4/15)
 Temple: D:4-7

Altars:
The Shining One

Shops:
D:4 *


Innate Abilities, Weirdness & Mutations

You have very sharp teeth.
Your uncanny sense of smell can sniff out nearby items.
Your experience applies equally to all skills.


Message History

Your Evocations skill increases to level 2!
You are on fire!
You shake off some of the fire as you move.
The liquid fire burns you!
You shake off the liquid fire.
You now have 168 gold pieces (gained 18).
As you open the door, it creaks loudly!
There is an open door here.
As you open the door, it creaks loudly!
There is an open door here.
Found 9 stones.
j - 33 stones (gained 9)
Found a stone staircase leading down.
Found a book of Conjurations.
There is a stone staircase leading down here.
You pick up a book of Conjurations and begin reading...
You add the spells Magic Dart, Searing Ray and Fulminant Prism to your library.
Ignis wails with rage, and rains down burning fury! 3 fire elementals come into view.
You hit the fire elemental.
The fire elemental is lightly damaged.
As you read the scroll of teleportation, it crumbles to dust.
You feel strangely unstable.
The fire elemental completely misses you.
The fire elemental hits you. The fire elemental burns you!
There's something in the way.
You hit the fire elemental.
The fire elemental is moderately damaged.
The fire elemental hits you. The fire elemental burns you!
The fire elemental barely misses you.
You hit the fire elemental but do no damage.
The fire elemental is moderately damaged.
The fire elemental barely misses you. The fire elemental hits you.
The fire elemental burns you!
You hit the fire elemental.
The fire elemental is moderately damaged.
The fire elemental hits you. The fire elemental burns you!
* * * LOW HITPOINT WARNING * * *
The fire elemental hits you. The fire elemental burns you!
You die...

#.# #.#.........#
#.###.###..#....#
#.......#..#......
#####.#.#.##.#######
#.#.#.#.....#∩.∩.∩
..#...............
#.#.#..........⌠..
#E#.#.............
#@#☼####....#∩.∩.∩
#.E○.....#########
###.####.# ### ..#
#.# #.. ### ..# #.#
###


You could see 2 fire elementals.

Vanquished Creatures
  A bombardier beetle (D:4)
  Natasha (twice) (D:2)
  An iguana (D:4)
  9 adders
  2 dart slugs
  5 orcs (D:3)
  11 ball pythons
  4 endoplasms
  2 giant cockroaches (D:2)
  5 goblins
  9 hobgoblins
  8 kobolds
  3 quokkas
  8 bats
  6 frilled lizards
  6 rats
82 creatures vanquished.

Notes
Turn   | Place    | Note
-------+----------+-------------------------------------------
     0 | D:1      | PistonLoop the Gnoll Cinder Acolyte began the quest for the
                  | Orb.
     0 | D:1      | Reached XP level 1. HP: 23/23 MP: 4/4
   177 | D:1      | Reached XP level 2. HP: 29/29 MP: 5/5
   622 | D:1      | Reached XP level 3. HP: 28/35 MP: 7/7
   882 | D:1      | Reached skill level 1 in Invocations
  1301 | D:2      | Learned a level 2 spell: Scorch
  1420 | D:2      | Reached skill level 1 in Short Blades
  1420 | D:2      | Reached skill level 1 in Axes
  1420 | D:2      | Reached skill level 1 in Maces & Flails
  1420 | D:2      | Reached skill level 1 in Polearms
  1420 | D:2      | Reached skill level 1 in Staves
  1420 | D:2      | Reached skill level 1 in Ranged Weapons
  1420 | D:2      | Reached skill level 1 in Throwing
  1420 | D:2      | Reached skill level 1 in Armour
  1420 | D:2      | Reached skill level 1 in Dodging
  1420 | D:2      | Reached skill level 1 in Stealth
  1420 | D:2      | Reached skill level 1 in Shields
  1420 | D:2      | Reached skill level 1 in Unarmed Combat
  1420 | D:2      | Reached skill level 1 in Evocations
  1597 | D:2      | Reached skill level 1 in Shapeshifting
  1597 | D:2      | Reached XP level 4. HP: 14/41 MP: 8/8
  1833 | D:2      | Reached skill level 1 in Conjurations
  1833 | D:2      | Reached skill level 1 in Hexes
  1833 | D:2      | Reached skill level 1 in Summonings
  1833 | D:2      | Reached skill level 1 in Necromancy
  1833 | D:2      | Reached skill level 1 in Translocations
  1833 | D:2      | Reached skill level 1 in Ice Magic
  1833 | D:2      | Reached skill level 1 in Air Magic
  1833 | D:2      | Reached skill level 1 in Earth Magic
  1833 | D:2      | Reached skill level 1 in Alchemy
  1902 | D:2      | Noticed Natasha
  1909 | D:1      | You fall into a shaft and drop 1 floor!
  1979 | D:2      | Killed Natasha
  2279 | D:2      | Reached XP level 5. HP: 47/47 MP: 9/9
  2520 | D:2      | Noticed Natasha
  2529 | D:2      | Killed Natasha
  2647 | D:2      | Found a faded altar of an unknown god.
  2652 | D:2      | Prayed at the altar of an unknown god.
  2652 | D:2      | Fell from the grace of Ignis
  2652 | D:2      | Became a worshipper of the Shining One
  2652 | D:2      | Reached * piety under the Shining One
  3108 | D:3      | Got Vyetheac's Annotations on Iron Toxicants
  3113 | D:3      | Learned a level 3 spell: Stone Arrow
  3982 | D:4      | Found Fidaunk's CLEARANCE SALE!.
  4018 | D:4      | Reached XP level 6. HP: 37/53 MP: 11/11
  4311 | D:4      | Noticed a fire elemental
  4311 | D:4      | Noticed a fire elemental
  4311 | D:4      | Noticed a fire elemental
  4315 | D:4      | Mangled by a fire elemental

Illustrated notes

Levels and vault maps discovered:
D:1:      shiori_arrival_elements, layout_loops_ring, minmay_ruptured
D:2:      layout_basic, chequers_ecumenical_altar_lobes, minmay_snake_closets,
          uniq_natasha
D:3:      layout_basic
D:4:      layout_basic, nicolae_shop_clearance

Skill      XL: |  1  2  3  4  5  6 |
---------------+-------------------+-----
Invocations    | 1 2 |  2.1
Short Blades   | 1 2 |  2.0
Axes           | 1 2 |  2.0
Maces & Flails | 1 2 |  2.0
Polearms       | 1 2 |  2.0
Staves         | 1 2 |  2.0
Ranged Weapons | 1 2 |  2.0
Throwing       | 1 2 |  2.0
Armour         | 1 2 |  2.0
Dodging        | 1 2 |  2.0
Stealth        | 1 2 |  2.0
Shields        | 1 2 |  2.0
Unarmed Combat | 1 2 |  2.0
Evocations     | 1 2 |  2.0
Shapeshifting  | 1 |  1.7
Spellcasting   | 3 |  3.4
Conjurations   | 1 |  1.5
Hexes          | 1 |  1.5
Summonings     | 1 |  1.5
Necromancy     | 1 |  1.5
Translocations | 1 |  1.5
Ice Magic      | 1 |  1.5
Air Magic      | 1 |  1.5
Earth Magic    | 1 |  1.5
Alchemy        | 1 |  1.5
Fighting       | |  6.8
Long Blades    | |  6.8
Fire Magic     | |  5.6

Action                     |  1- 3 |  4- 6 || total
---------------------------+-------+-------++-------
  Melee: Falchion          |   121 |   168 ||   289
         Bite              |    10 |    21 ||    31
         Punch             |       |     1 ||     1
 Invoke: Rising Flame      |       |     1 ||     1
         Fiery Armour      |       |     1 ||     1
    Use: Scroll            |     4 |     7 ||    11
         Potion            |       |     2 ||     2
   Stab: Sleeping          |       |     4 ||     4
 Armour: Robe              |    58 |    92 ||   150
  Dodge: Dodged            |    73 |    89 ||   162
         Repelled          |       |     1 ||     1
